Jets vs Flyers (R1)

Created - January 21, 2020 at 19:14

Goals
1 2 3 T
Jets 0 1 2 3
Flyers 2 3 0 5
Shots
1 2 3 T
Jets 13 10 8 31
Flyers 10 11 16 37

1st period

1. Flyers , J.T. Miller 13 (Marcus Kruger 16, Mats Zuccarello 22) at 2:18
2. Flyers , Jordan Nolan 8 (J.T. Miller 16, Oliver Ekman-Larsson 10) at 13:04 (SH)

Penalties :
Steve Mason (Phi) for Slashing (Minor) at 6:02 - Jordan Nolan served the penalty, Evgeny Dadonov (Win) for Roughing (Minor) at 9:08, Tomas Kubalik (Phi) for High sticking (Minor) at 11:52, Brian Lashoff (Phi) for Tripping (Minor) at 16:43, Marco Scandella (Win) for Boarding (Minor) at 17:13, Marco Scandella (Win) for Roughing (Minor) at 19:55

2nd period

3. Jets , Jared Spurgeon 1 (Derek Stepan 37) at 2:57
4. Flyers , Mats Zuccarello 12 (Jonathan Ericsson 18) at 3:41
5. Flyers , Jakub Voracek 18 (Drew Miller 19, Jeff Carter 29) at 3:45
6. Flyers , Jeff Carter 12 (Drew Miller 20, Jakub Voracek 14) at 5:43 (PP)

Penalties :
Nino Niederreiter (Win) for Tripping (Minor) at 5:34, Tomas Kubalik (Phi) for Tripping (Minor) at 9:08

3rd period

7. Jets , Evgeny Dadonov 19 (Derek Roy 11, Tyler Myers 22) at 14:50 (PP)
8. Jets , Evgeny Dadonov 20 (Derek Stepan 38, Marcus Johansson 17) at 17:14

Penalties :
Brenden Morrow (Win) for Goalie Interference (Minor) at 2:02, Oscar Klefbom (Win) for Hooking (Minor) at 6:43, Oscar Klefbom (Win) for Slashing (Double Minor) at 9:29, Jeff Carter (Phi) for High sticking (Minor) at 9:41, Oliver Ekman-Larsson (Phi) for Tripping (Minor) at 14:09

Goalie Stats

Jonathan Bernier (Win), 9 saves from 13 shots - (0.692), L, 10-9-2, 23:45 minutes
Kari Lehtonen (Win), 23 saves from 24 shots - (0.958), 36:15 minutes
Steve Mason (Phi), 28 saves from 31 shots - (0.903), W, 16-10-2, 60:00 minutes

Players Stats for Jets

Player Name              G  A  P  +/- PIM S  H  SB GA TA FO     MP     PP MP  PK MP  
------------------------------------------------------------------------------------
Brenden Morrow           0  0  0  -1  2   0  0  0  1  0  0/0     9:53   0:00   0:00 
Derek Roy                0  1  1  -2  0   4  1  2  0  0  7/17   20:00   3:19   5:38 
Derek Stepan             0  2  2   1  0   5  0  1  0  0  11/27  19:01   3:49   0:05 
Eric Gelinas             0  0  0   0  0   1  1  2  0  1  0/0    22:56   2:36   5:08 
Erik Haula               0  0  0  -2  0   1  1  0  1  0  1/1    20:05   3:19   5:44 
Evgeny Dadonov           2  0  2   0  2   6  2  0  0  0  0/0    16:35   3:19   0:00 
Jaccob Slavin            0  0  0   0  0   0  0  1  0  1  0/0    11:16   0:00   0:11 
Jared Spurgeon           1  0  1   1  0   1  0  1  0  0  0/0    16:53   0:00   5:16 
Kevin Hayes              0  0  0   0  0   0  0  0  0  0  0/0     5:42   0:00   0:00 
Marco Scandella          0  0  0  -2  4   3  2  2  0  0  0/0    26:29   4:31   4:07 
Marcus Johansson         0  1  1   1  0   4  2  0  1  0  0/3    20:36   3:49   1:36 
Nino Niederreiter        0  0  0  -1  2   1  0  1  0  0  0/0    16:34   3:43   3:15 
Noel Acciari             0  0  0   0  0   0  0  1  1  0  0/2    10:32   0:00   4:32 
Oscar Klefbom            0  0  0  -1  6   2  0  2  0  0  0/0    15:30   2:36   1:12 
Reilly Smith             0  0  0  -1  0   0  1  1  0  1  1/2     9:56   0:06   0:00 
Ronalds Kenins           0  0  0   0  0   0  1  0  0  0  0/1     5:42   0:00   0:00 
Sam Gagner               0  0  0  -1  0   3  0  0  0  1  5/10   10:42   0:00   0:20 
Tyler Myers              0  1  1  -2  0   0  1  0  0  0  0/0    27:28   4:32   5:16 

Players Stats for Flyers

Player Name              G  A  P  +/- PIM S  H  SB GA TA FO     MP     PP MP  PK MP  
------------------------------------------------------------------------------------
Brian Lashoff            0  0  0   0  2   0  0  1  0  0  0/0    12:35   0:14   3:56 
Brock Nelson             0  0  0   0  0   0  0  0  0  1  0/0    13:02   0:14   0:00 
Chris Mcallister         0  0  0   0  0   5  1  0  0  0  2/5    13:36   0:32   4:37 
Drew Miller              0  2  2   1  0   2  2  0  0  0  1/1    17:53   4:46   2:14 
J.T. Miller              1  1  2   1  0   5  0  0  0  0  0/0    17:56   5:35   0:17 
Jakub Voracek            1  1  2   1  0   4  1  1  0  0  1/1    14:31   4:46   0:00 
Jeff Carter              1  1  2   1  2   4  2  0  0  1  9/21   17:39   5:00   0:07 
Jeff Woywitka            0  0  0   1  0   1  1  1  0  1  0/0    19:16   6:00   3:56 
Jonathan Ericsson        0  1  1   1  0   1  2  2  0  1  0/0    25:24   6:48   0:00 
Jordan Nolan             1  0  1   1  0   2  1  1  0  0  6/6    12:19   0:03   1:27 
Marcus Kruger            0  1  1   0  0   2  3  1  0  0  12/18  16:47   5:17   0:57 
Mats Zuccarello          1  1  2   0  0   3  2  0  0  0  1/1    15:26   5:17   0:00 
Matt Smaby               0  0  0   2  0   3  2  0  2  0  0/0    21:50   0:48   3:12 
Matthew Lombardi         0  0  0   0  0   1  0  0  0  0  5/9    11:07   0:00   4:37 
Nathan Beaulieu          0  0  0  -1  0   0  1  1  0  0  0/0    19:06   3:47   0:12 
Oliver Ekman-Larsson     0  1  1   1  2   1  2  1  1  0  0/0    22:01   3:47   3:00 
Ryan Callahan            0  0  0   0  0   1  0  0  1  0  0/0     6:08   0:00   0:00 
Tomas Kubalik            0  0  0   0  4   2  1  0  0  0  1/1    12:43   0:00   0:00 

3 Stars

1 - Jakub Voracek (Phi)
2 - J.T. Miller (Phi)
3 - Mats Zuccarello (Phi)

Power Play

Jets - 1 on 6 Attempt(s) - 16.67%
Flyers - 1 on 8 Attempt(s) - 12.50%

Penalty Kill

Jets - 7 on 8 Attempt(s) - 87.50% - Score 0 goal in Penalty Kill
Flyers - 5 on 6 Attempt(s) - 83.33% - Score 1 goal in Penalty Kill

Team Stat

Jets - Hits : 12 - Faceoff Wins : 25 - Blocked Shots : 14 - Penalty Minutes : 16
Flyers - Hits : 21 - Faceoff Wins : 38 - Blocked Shots : 9 - Penalty Minutes : 12

Official

Referees : Unknown
Linesman : Unknown

Game Notes

Kari Lehtonen enters game at 3:45 of 2nd period
Jordan Nolan is injured at 11:29 of 3rd period (Right Leg)

Finance

Level 1 -- Attendance: 6000 (100.00%) -- Ticket Income $630,000
Level 2 -- Attendance: 3809 (76.18%) -- Ticket Income $266,630
Level 3 -- Attendance: 1523 (76.15%) -- Ticket Income $68,535
Level 4 -- Attendance: 3879 (96.98%) -- Ticket Income $116,370
Luxury Box -- Attendance: 948 (94.80%) -- Ticket Income $170,640
Game was played at the Wells Fargo Center.
Total Attendance: 16159 (89.77%)
Total Ticket Income: $1,252,175
Other Income: $187,826
Total Income: $1,440,001

Jets

5 vs 5 Forward 
   Center                   Left Wing                Right Wing               Time % Phy DF OF 
 1 Derek Stepan             Marcus Johansson         Evgeny Dadonov           36     0   1  4  
 2 Sam Gagner               Brenden Morrow           Nino Niederreiter        29     0   1  4  
 3 Derek Roy                Erik Haula               Reilly Smith             25     0   1  4  
 4 Noel Acciari             Ronalds Kenins           Kevin Hayes              10     2   2  1  

5 vs 5 Defense 
   Defense                  Defense                                           Time % Phy DF OF 
 1 Marco Scandella          Tyler Myers                                       37     1   2  2  
 2 Eric Gelinas             Jared Spurgeon                                    29     1   2  2  
 3 Oscar Klefbom            Jaccob Slavin                                     24     1   2  2  
 4 Marco Scandella          Eric Gelinas                                      10     1   2  2  

PowerPlay Forward 
   Center                   Left Wing                Right Wing               Time % Phy DF OF 
 1 Derek Stepan             Marcus Johansson         Nino Niederreiter        60     0   0  5  
 2 Derek Roy                Erik Haula               Evgeny Dadonov           40     0   0  5  

PowerPlay Defense
   Defense                  Defense                                           Time % Phy DF OF 
 1 Tyler Myers              Marco Scandella                                   60     0   1  4  
 2 Eric Gelinas             Oscar Klefbom                                     40     0   1  4  

Penalty Kill 4 Players Forward 
   Center                   Wing                     Time % Phy DF OF 
 1 Derek Roy                Erik Haula               60     0   4  1  
 2 Noel Acciari             Nino Niederreiter        40     0   4  1  

Penalty Kill 4 Players Defense
   Defense                  Defense                  Time % Phy DF OF 
 1 Tyler Myers              Jared Spurgeon           60     1   3  1  
 2 Eric Gelinas             Marco Scandella          40     1   3  1  

Penalty Kill - 3 Players Forward 
   Forward                                           Time % Phy DF OF 
 1 Nino Niederreiter                                 60     0   4  1  
 2 Erik Haula                                        40     0   4  1  

Penalty Kill - 3 Players Defense
   Defense                  Defense                  Time % Phy DF OF 
 1 Tyler Myers              Marco Scandella          60     0   5  0  
 2 Jared Spurgeon           Eric Gelinas             40     0   5  0  

4 vs 4 Forward 
   Center                   Wing                     Time % Phy DF OF 
 1 Derek Stepan             Marcus Johansson         60     1   2  2  
 2 Sam Gagner               Evgeny Dadonov           40     1   2  2  

4 vs 4 Defense
   Defense                  Defense                  Time % Phy DF OF 
 1 Marco Scandella          Eric Gelinas             60     1   2  2  
 2 Tyler Myers              Oscar Klefbom            40     1   2  2  

Last Minutes Offensive
   Center                   Left Wing                Right Wing               Defense                  Defense                  
   Derek Stepan             Marcus Johansson         Evgeny Dadonov           Tyler Myers              Marco Scandella          

Last Minutes Defensive
   Center                   Left Wing                Right Wing               Defense                  Defense                  
   Noel Acciari             Erik Haula               Nino Niederreiter        Tyler Myers              Marco Scandella          

Goaltenders
Starting : Jonathan Bernier         
Backup : Kari Lehtonen            

Extra Forwards
Normal : Erik Haula, Derek Stepan, Derek Roy - PP : Derek Stepan, Erik Haula - PK : Erik Haula
Extra Defensemen
Normal : Tyler Myers, Marco Scandella, Eric Gelinas - PP : Marco Scandella - PK : Marco Scandella, Tyler Myers
Penalty Shots
Derek Stepan, Marcus Johansson, Evgeny Dadonov, Erik Haula, Noel Acciari

Scratches
Jacob Trouba (Healthy), Jason Akeson (Healthy)

Flyers

5 vs 5 Forward 
   Center                   Left Wing                Right Wing               Time % Phy DF OF 
 1 Jeff Carter              Drew Miller              Jakub Voracek            30     0   1  4  
 2 Marcus Kruger            J.T. Miller              Mats Zuccarello          30     0   1  4  
 3 Jordan Nolan             Brock Nelson             Tomas Kubalik            30     0   2  3  
 4 Matthew Lombardi         Chris Mcallister         Ryan Callahan            10     1   3  1  

5 vs 5 Defense 
   Defense                  Defense                                           Time % Phy DF OF 
 1 Matt Smaby               Jonathan Ericsson                                 40     1   2  2  
 2 Nathan Beaulieu          Oliver Ekman-Larsson                              30     1   2  2  
 3 Brian Lashoff            Jeff Woywitka                                     20     1   2  2  
 4 Oliver Ekman-Larsson     Jeff Woywitka                                     10     1   2  2  

PowerPlay Forward 
   Center                   Left Wing                Right Wing               Time % Phy DF OF 
 1 Jeff Carter              Drew Miller              Jakub Voracek            60     0   0  5  
 2 Marcus Kruger            J.T. Miller              Mats Zuccarello          40     0   0  5  

PowerPlay Defense
   Defense                  Defense                                           Time % Phy DF OF 
 1 Jonathan Ericsson        Jeff Woywitka                                     60     0   2  3  
 2 Oliver Ekman-Larsson     Nathan Beaulieu                                   40     0   2  3  

Penalty Kill 4 Players Forward 
   Center                   Wing                     Time % Phy DF OF 
 1 Matthew Lombardi         Chris Mcallister         60     0   4  1  
 2 Jordan Nolan             Drew Miller              40     0   4  1  

Penalty Kill 4 Players Defense
   Defense                  Defense                  Time % Phy DF OF 
 1 Brian Lashoff            Jeff Woywitka            60     1   4  0  
 2 Matt Smaby               Oliver Ekman-Larsson     40     1   4  0  

Penalty Kill - 3 Players Forward 
   Forward                                           Time % Phy DF OF 
 1 Matthew Lombardi                                  60     0   4  1  
 2 Jordan Nolan                                      40     0   4  1  

Penalty Kill - 3 Players Defense
   Defense                  Defense                  Time % Phy DF OF 
 1 Brian Lashoff            Jeff Woywitka            60     1   4  0  
 2 Matt Smaby               Oliver Ekman-Larsson     40     1   4  0  

4 vs 4 Forward 
   Center                   Wing                     Time % Phy DF OF 
 1 Jeff Carter              J.T. Miller              60     0   2  3  
 2 Marcus Kruger            Drew Miller              40     0   2  3  

4 vs 4 Defense
   Defense                  Defense                  Time % Phy DF OF 
 1 Jonathan Ericsson        Matt Smaby               60     0   3  2  
 2 Nathan Beaulieu          Oliver Ekman-Larsson     40     0   3  2  

Last Minutes Offensive
   Center                   Left Wing                Right Wing               Defense                  Defense                  
   Jeff Carter              Drew Miller              Jakub Voracek            Oliver Ekman-Larsson     Jeff Woywitka            

Last Minutes Defensive
   Center                   Left Wing                Right Wing               Defense                  Defense                  
   Matthew Lombardi         Chris Mcallister         Ryan Callahan            Oliver Ekman-Larsson     Jeff Woywitka            

Goaltenders
Starting : Steve Mason              
Backup : Cam Ward                 

Extra Forwards
Normal : Jeff Carter, Chris Mcallister, Drew Miller - PP : Jeff Carter, Drew Miller - PK : Chris Mcallister
Extra Defensemen
Normal : Brian Lashoff, Nathan Beaulieu, Matt Smaby - PP : Brian Lashoff - PK : Nathan Beaulieu, Matt Smaby
Penalty Shots
Jeff Carter, Jordan Nolan, J.T. Miller, Jakub Voracek, Ryan Callahan

Scratches
None


% Time on Ice - Jets

Lines # - Real PCT - Wanted PCT - Time Play
Normal Forward
1 - 35% - 36% - 13:46
2 - 25% - 29% - 9:42
3 - 25% - 25% - 9:39
4 - 15% - 10% - 5:42
Normal Defense
1 - 41% - 37% - 16:00
2 - 30% - 29% - 11:49
3 - 25% - 24% - 9:44
4 - 3% - 10% - 1:16
PP Forward
1 - 54% - 60% - 3:49
2 - 46% - 40% - 3:19
PP Defense
1 - 64% - 60% - 4:32
2 - 36% - 40% - 2:36
PK Forward
1 - 69% - 60% - 7:20
2 - 31% - 40% - 3:15
PK Defense
1 - 54% - 60% - 5:45
2 - 46% - 40% - 4:50
PK3 Forward
1 - 0% - 60%
2 - 0% - 40%
PK3 Defense
1 - 0% - 60%
2 - 0% - 40%
44 Forward
1 - 80% - 60% - 2:47
2 - 20% - 40% - 0:41
44 Defense
1 - 78% - 60% - 2:42
2 - 22% - 40% - 0:46
Last Minute Offensive  - 0:00
Last Minute Defensive  - 0:00
Total
Forward - 60:00
Defense - 60:00

% Time on Ice - Flyers

Lines # - Real PCT - Wanted PCT - Time Play
Normal Forward
1 - 26% - 30% - 10:07
2 - 26% - 30% - 10:11
3 - 32% - 30% - 12:23
4 - 16% - 10% - 6:08
Normal Defense
1 - 45% - 40% - 17:35
2 - 34% - 30% - 13:03
3 - 19% - 20% - 7:21
4 - 2% - 10% - 0:50
PP Forward
1 - 50% - 60% - 5:18
2 - 50% - 40% - 5:17
PP Defense
1 - 64% - 60% - 6:48
2 - 36% - 40% - 3:47
PK Forward
1 - 69% - 60% - 4:54
2 - 31% - 40% - 2:14
PK Defense
1 - 55% - 60% - 3:56
2 - 45% - 40% - 3:12
PK3 Forward
1 - 0% - 60%
2 - 0% - 40%
PK3 Defense
1 - 0% - 60%
2 - 0% - 40%
44 Forward
1 - 88% - 60% - 3:04
2 - 12% - 40% - 0:24
44 Defense
1 - 61% - 60% - 2:06
2 - 39% - 40% - 1:22
Last Minute Offensive  - 0:00
Last Minute Defensive  - 0:00
Total
Forward - 60:00
Defense - 60:00

Play-by-Play

1st period


0:01 of 1st period - Jeff Carter wins face-off versus Derek Stepan in neutral zone.
0:17 of 1st period - Wrist shot by Derek Stepan.
0:17 of 1st period - Stopped by Steve Mason without a rebound.
0:18 of 1st period - Sam Gagner wins face-off versus Marcus Kruger in Flyers zone.
0:29 of 1st period - Snap shot by Brenden Morrow.
0:29 of 1st period - Shot Misses the Net.
0:48 of 1st period - Off-side.
0:49 of 1st period - Jordan Nolan wins face-off versus Reilly Smith in neutral zone.
0:56 of 1st period - Wrist shot by Tomas Kubalik.
0:56 of 1st period - Stopped by Jonathan Bernier without a rebound.
0:57 of 1st period - Matthew Lombardi wins face-off versus Ronalds Kenins in Jets zone.
1:10 of 1st period - Slapshot by Matthew Lombardi.
1:10 of 1st period - Shot Blocked by Marco Scandella.
1:12 of 1st period - Slapshot by Jeff Woywitka.
1:12 of 1st period - Deflect By Noel Acciari.
1:12 of 1st period - Stopped by Jonathan Bernier with a rebound.
1:22 of 1st period - Tomas Kubalik is hit by Marco Scandella and loses puck.
1:41 of 1st period - Snap shot by Derek Stepan.
1:41 of 1st period - Stopped by Steve Mason without a rebound.
1:42 of 1st period - Jeff Carter wins face-off versus Derek Roy in Flyers zone.
1:47 of 1st period - Marco Scandella is hit by Jeff Carter and loses puck.
2:08 of 1st period - Off-side.
2:09 of 1st period - Marcus Kruger wins face-off versus Sam Gagner in neutral zone.
2:12 of 1st period - Wrist shot by J.T. Miller.
2:12 of 1st period - Deflect By Marcus Kruger.
2:12 of 1st period - Stopped by Jonathan Bernier without a rebound.
2:13 of 1st period - Marcus Kruger wins face-off versus Sam Gagner in Jets zone.
2:14 of 1st period - Snap shot by J.T. Miller.
2:14 of 1st period - Deflect By Mats Zuccarello.
2:14 of 1st period - Stopped by Jonathan Bernier with a rebound.
2:16 of 1st period - Snap shot by Marcus Kruger.
2:16 of 1st period - Shot Misses the Net.
2:18 of 1st period - Snap shot by J.T. Miller.
2:18 of 1st period - Goal by J.T. Miller - Jets : 0 - Flyers : 1.
2:19 of 1st period - Jordan Nolan wins face-off versus Derek Stepan in neutral zone.
2:30 of 1st period - Backhand shot by Evgeny Dadonov.
2:30 of 1st period - Deflect By Oliver Ekman-Larsson.
2:30 of 1st period - Shot Blocked by Oliver Ekman-Larsson.
2:30 of 1st period - Puck is out of play.
2:31 of 1st period - Marcus Kruger wins face-off versus Marcus Johansson in Flyers zone.
2:44 of 1st period - Snap shot by Derek Stepan.
2:44 of 1st period - Shot Misses the Net.
2:46 of 1st period - Slapshot by Oscar Klefbom.
2:46 of 1st period - Stopped by Steve Mason without a rebound.
2:47 of 1st period - Jordan Nolan wins face-off versus Derek Roy in Flyers zone.
3:04 of 1st period - Snap shot by Reilly Smith.
3:04 of 1st period - Shot Misses the Net.
3:43 of 1st period - Wrist shot by J.T. Miller.
3:43 of 1st period - Stopped by Jonathan Bernier without a rebound.
3:44 of 1st period - Matthew Lombardi wins face-off versus Sam Gagner in Jets zone.
4:36 of 1st period - Brian Lashoff is hit by Reilly Smith and loses puck.
4:41 of 1st period - Wrist shot by Derek Roy.
4:41 of 1st period - Stopped by Steve Mason with a rebound.
4:43 of 1st period - Snap shot by Derek Roy.
4:43 of 1st period - Shot Blocked by Jakub Voracek.
5:15 of 1st period - Snap shot by Eric Gelinas.
5:15 of 1st period - Shot Blocked by Nathan Beaulieu.
5:17 of 1st period - Wrist shot by Brenden Morrow.
5:17 of 1st period - Shot Misses the Net.
5:19 of 1st period - Slapshot by Eric Gelinas.
5:19 of 1st period - Shot Misses the Net.
5:21 of 1st period - Slapshot by Eric Gelinas.
5:21 of 1st period - Shot Misses the Net.
5:23 of 1st period - Slapshot by Eric Gelinas.
5:23 of 1st period - Stopped by Steve Mason with a rebound.
5:25 of 1st period - Slapshot by Nino Niederreiter.
5:25 of 1st period - Shot Misses the Net.
6:02 of 1st period - Snap shot by Erik Haula.
6:02 of 1st period - Deflect By Derek Roy.
6:02 of 1st period - Stopped by Steve Mason without a rebound.
6:02 of 1st period - Minor Penalty to Steve Mason for Slashing.
6:03 of 1st period - Derek Stepan wins face-off versus Matthew Lombardi in Flyers zone.
7:24 of 1st period - Matt Smaby is hit by Derek Roy and loses puck.
8:02 of 1st period - Penalty to Jordan Nolan is over, Jordan Nolan is back on ice.
8:15 of 1st period - Jaccob Slavin is hit by Jonathan Ericsson and loses puck.
9:08 of 1st period - Minor Penalty to Evgeny Dadonov for Roughing.
9:09 of 1st period - Jeff Carter wins face-off versus Derek Roy in Jets zone.
10:19 of 1st period - Snap shot by Marco Scandella.
10:19 of 1st period - Deflect By Marcus Johansson.
10:19 of 1st period - Stopped by Steve Mason with a rebound.
11:08 of 1st period - Penalty to Evgeny Dadonov is over, Evgeny Dadonov is back on ice.
11:17 of 1st period - Nino Niederreiter is hit by Jeff Woywitka and loses puck.
11:34 of 1st period - Matt Smaby is hit by Marcus Johansson and loses puck.
11:52 of 1st period - Minor Penalty to Tomas Kubalik for High sticking.
11:53 of 1st period - Derek Stepan wins face-off versus Chris Mcallister in Flyers zone.
12:02 of 1st period - Wrist shot by Marcus Johansson.
12:02 of 1st period - Shot Misses the Net.
12:04 of 1st period - Snap shot by Marcus Johansson.
12:04 of 1st period - Stopped by Steve Mason with a rebound.
12:06 of 1st period - Slapshot by Eric Gelinas.
12:06 of 1st period - Shot Blocked by Brian Lashoff.
12:08 of 1st period - Wrist shot by Derek Stepan.
12:08 of 1st period - Shot Misses the Net.
13:04 of 1st period - Wrist shot by Jordan Nolan.
13:04 of 1st period - Goal by Jordan Nolan - Jets : 0 - Flyers : 2.
13:05 of 1st period - Derek Stepan wins face-off versus Matthew Lombardi in neutral zone.
13:09 of 1st period - Wrist shot by Marcus Johansson.
13:09 of 1st period - Stopped by Steve Mason with a rebound.
13:11 of 1st period - Slapshot by Marco Scandella.
13:11 of 1st period - Stopped by Steve Mason with a rebound.
13:13 of 1st period - Slapshot by Marco Scandella.
13:13 of 1st period - Deflect By Oliver Ekman-Larsson.
13:13 of 1st period - Stopped by Steve Mason with a rebound.
13:15 of 1st period - Snap shot by Tyler Myers.
13:15 of 1st period - Deflect By Marcus Johansson.
13:15 of 1st period - Stopped by Steve Mason with a rebound.
13:17 of 1st period - Snap shot by Marcus Johansson.
13:17 of 1st period - Shot Misses the Net.
13:19 of 1st period - Snap shot by Marcus Johansson.
13:19 of 1st period - Shot Misses the Net.
13:21 of 1st period - Slapshot by Marco Scandella.
13:21 of 1st period - Shot Misses the Net.
13:31 of 1st period - Tyler Myers is hit by Matt Smaby and loses puck.
13:52 of 1st period - Penalty to Tomas Kubalik is over, Tomas Kubalik is back on ice.
13:58 of 1st period - Slapshot by Tomas Kubalik.
13:58 of 1st period - Stopped by Jonathan Bernier without a rebound.
13:59 of 1st period - Marcus Kruger wins face-off versus Marcus Johansson in Jets zone.
14:02 of 1st period - Wrist shot by J.T. Miller.
14:02 of 1st period - Shot Misses the Net.
15:09 of 1st period - Wrist shot by Ryan Callahan.
15:09 of 1st period - Stopped by Jonathan Bernier with a rebound.
16:07 of 1st period - Snap shot by Kevin Hayes.
16:07 of 1st period - Shot Misses the Net.
16:43 of 1st period - Minor Penalty to Brian Lashoff for Tripping.
16:44 of 1st period - Matthew Lombardi wins face-off versus Derek Stepan in Flyers zone.
17:13 of 1st period - Minor Penalty to Marco Scandella for Boarding.
17:14 of 1st period - Derek Stepan wins face-off versus Jeff Carter in Jets zone.
18:43 of 1st period - Penalty to Brian Lashoff is over, Brian Lashoff is back on ice.
18:48 of 1st period - Slapshot by Matt Smaby.
18:48 of 1st period - Shot Blocked by Derek Roy.
19:00 of 1st period - Jared Spurgeon is hit by Marcus Kruger and loses puck.
19:13 of 1st period - Penalty to Marco Scandella is over, Marco Scandella is back on ice.
19:19 of 1st period - Slapshot by Matt Smaby.
19:19 of 1st period - Stopped by Jonathan Bernier with a rebound.
19:29 of 1st period - Snap shot by Derek Roy.
19:29 of 1st period - Stopped by Steve Mason without a rebound.
19:30 of 1st period - Jeff Carter wins face-off versus Derek Stepan in Flyers zone.
19:35 of 1st period - Eric Gelinas is hit by Jakub Voracek and loses puck.
19:42 of 1st period - Oliver Ekman-Larsson is hit by Marco Scandella.
19:46 of 1st period - Eric Gelinas is hit by Nathan Beaulieu and loses puck.
19:55 of 1st period - Minor Penalty to Marco Scandella for Roughing.
19:56 of 1st period - Jeff Carter wins face-off versus Derek Roy in Jets zone.
Goals for this period are 0 for Jets vs 2 for Flyers.
Shots for this period are 13 for Jets vs 10 for Flyers.

2nd period


0:01 of 2nd period - Derek Roy wins face-off versus Jeff Carter in neutral zone.
0:26 of 2nd period - Jared Spurgeon is hit by Mats Zuccarello and loses puck.
1:55 of 2nd period - Penalty to Marco Scandella is over, Marco Scandella is back on ice.
2:01 of 2nd period - Tomas Kubalik is hit by Tyler Myers and loses puck.
2:08 of 2nd period - Nino Niederreiter is hit by Jordan Nolan and loses puck.
2:37 of 2nd period - Icing by Tyler Myers.
2:38 of 2nd period - Jordan Nolan wins face-off versus Noel Acciari in Jets zone.
2:49 of 2nd period - Wrist shot by Jordan Nolan.
2:49 of 2nd period - Stopped by Jonathan Bernier without a rebound.
2:50 of 2nd period - Derek Stepan wins face-off versus Marcus Kruger in Jets zone.
2:57 of 2nd period - Slapshot by Jared Spurgeon.
2:57 of 2nd period - Deflect By Oliver Ekman-Larsson.
2:57 of 2nd period - Goal by Jared Spurgeon - Jets : 1 - Flyers : 2.
2:58 of 2nd period - Marcus Kruger wins face-off versus Derek Stepan in neutral zone.
3:07 of 2nd period - Wrist shot by Marcus Johansson.
3:07 of 2nd period - Shot Misses the Net.
3:09 of 2nd period - Snap shot by Marcus Johansson.
3:09 of 2nd period - Shot Misses the Net.
3:11 of 2nd period - Slapshot by Marco Scandella.
3:11 of 2nd period - Stopped by Steve Mason without a rebound.
3:12 of 2nd period - Derek Stepan wins face-off versus Jeff Carter in Flyers zone.
3:25 of 2nd period - Slapshot by Matt Smaby.
3:25 of 2nd period - Deflect By Jeff Carter.
3:25 of 2nd period - Shot Blocked by Derek Stepan.
3:25 of 2nd period - Puck is out of play.
3:26 of 2nd period - Reilly Smith wins face-off versus Marcus Kruger in Jets zone.
3:31 of 2nd period - Snap shot by Derek Roy.
3:31 of 2nd period - Shot Misses the Net.
3:41 of 2nd period - Snap shot by Mats Zuccarello.
3:41 of 2nd period - Goal by Mats Zuccarello - Jets : 1 - Flyers : 3.
3:42 of 2nd period - Jeff Carter wins face-off versus Derek Stepan in neutral zone.
3:45 of 2nd period - Wrist shot by Jakub Voracek.
3:45 of 2nd period - Goal by Jakub Voracek - Jets : 1 - Flyers : 4.
3:45 of 2nd period - Kari Lehtonen enters game.
3:46 of 2nd period - Derek Stepan wins face-off versus Jeff Carter in neutral zone.
4:20 of 2nd period - Slapshot by Derek Roy.
4:20 of 2nd period - Stopped by Steve Mason with a rebound.
4:32 of 2nd period - Wrist shot by Jakub Voracek.
4:32 of 2nd period - Stopped by Kari Lehtonen with a rebound.
4:34 of 2nd period - Snap shot by Jeff Carter.
4:34 of 2nd period - Stopped by Kari Lehtonen without a rebound.
4:35 of 2nd period - Marcus Kruger wins face-off versus Sam Gagner in Jets zone.
4:38 of 2nd period - Backhand shot by Marcus Kruger.
4:38 of 2nd period - Shot Misses the Net.
4:40 of 2nd period - Slapshot by Jonathan Ericsson.
4:40 of 2nd period - Shot Blocked by Nino Niederreiter.
5:29 of 2nd period - Snap shot by Chris Mcallister.
5:29 of 2nd period - Stopped by Kari Lehtonen with a rebound.
5:31 of 2nd period - Slapshot by Matthew Lombardi.
5:31 of 2nd period - Stopped by Kari Lehtonen without a rebound.
5:32 of 2nd period - Sam Gagner wins face-off versus Marcus Kruger in Jets zone.
5:34 of 2nd period - Minor Penalty to Nino Niederreiter for Tripping.
5:35 of 2nd period - Jeff Carter wins face-off versus Derek Roy in Jets zone.
5:43 of 2nd period - Wrist shot by Jeff Carter.
5:43 of 2nd period - Goal by Jeff Carter - Jets : 1 - Flyers : 5.
5:44 of 2nd period - Derek Stepan wins face-off versus Marcus Kruger in neutral zone.
5:55 of 2nd period - Wrist shot by Marcus Kruger.
5:55 of 2nd period - Shot Misses the Net.
5:57 of 2nd period - Snap shot by Marcus Kruger.
5:57 of 2nd period - Stopped by Kari Lehtonen without a rebound.
5:58 of 2nd period - Sam Gagner wins face-off versus Jeff Carter in Jets zone.
6:03 of 2nd period - Jakub Voracek is hit by Eric Gelinas and loses puck.
7:45 of 2nd period - Jaccob Slavin is hit by Drew Miller and loses puck.
8:02 of 2nd period - Drew Miller is hit by Marcus Johansson and loses puck.
8:24 of 2nd period - Brock Nelson is hit by Ronalds Kenins and loses puck.
8:45 of 2nd period - Snap shot by Chris Mcallister.
8:45 of 2nd period - Stopped by Kari Lehtonen with a rebound.
8:51 of 2nd period - Derek Stepan is hit by Chris Mcallister.
9:08 of 2nd period - Minor Penalty to Tomas Kubalik for Tripping.
9:09 of 2nd period - Derek Stepan wins face-off versus Matthew Lombardi in Flyers zone.
9:35 of 2nd period - Snap shot by Derek Roy.
9:35 of 2nd period - Shot Misses the Net.
9:39 of 2nd period - Backhand shot by Evgeny Dadonov.
9:39 of 2nd period - Stopped by Steve Mason without a rebound.
9:40 of 2nd period - Derek Roy wins face-off versus Matthew Lombardi in Flyers zone.
9:55 of 2nd period - Snap shot by Evgeny Dadonov.
9:55 of 2nd period - Stopped by Steve Mason with a rebound.
10:06 of 2nd period - Slapshot by Evgeny Dadonov.
10:06 of 2nd period - Stopped by Steve Mason without a rebound.
10:07 of 2nd period - Matthew Lombardi wins face-off versus Derek Stepan in Flyers zone.
11:08 of 2nd period - Penalty to Tomas Kubalik is over, Tomas Kubalik is back on ice.
11:34 of 2nd period - Marco Scandella is hit by Marcus Kruger and loses puck.
11:53 of 2nd period - Tyler Myers is hit by Drew Miller and loses puck.
12:59 of 2nd period - Wrist shot by Nino Niederreiter.
12:59 of 2nd period - Stopped by Steve Mason without a rebound.
13:00 of 2nd period - Jordan Nolan wins face-off versus Derek Stepan in Flyers zone.
13:11 of 2nd period - Wrist shot by Derek Stepan.
13:11 of 2nd period - Deflect By Evgeny Dadonov.
13:11 of 2nd period - Stopped by Steve Mason with a rebound.
13:13 of 2nd period - Slapshot by Marco Scandella.
13:13 of 2nd period - Shot Misses the Net.
13:15 of 2nd period - Wrist shot by Derek Stepan.
13:15 of 2nd period - Stopped by Steve Mason with a rebound.
13:17 of 2nd period - Slapshot by Tyler Myers.
13:17 of 2nd period - Shot Misses the Net.
13:24 of 2nd period - Icing by Nathan Beaulieu.
13:25 of 2nd period - Jordan Nolan wins face-off versus Derek Roy in Flyers zone.
15:55 of 2nd period - Brock Nelson is hit by Erik Haula and loses puck.
16:00 of 2nd period - Snap shot by Derek Roy.
16:00 of 2nd period - Shot Blocked by Jeff Woywitka.
16:02 of 2nd period - Snap shot by Erik Haula.
16:02 of 2nd period - Stopped by Steve Mason with a rebound.
16:04 of 2nd period - Slapshot by Tyler Myers.
16:04 of 2nd period - Shot Blocked by Jordan Nolan.
16:35 of 2nd period - Icing by Oscar Klefbom.
16:36 of 2nd period - Jeff Carter wins face-off versus Derek Stepan in Jets zone.
16:37 of 2nd period - Snap shot by Drew Miller.
16:37 of 2nd period - Shot Blocked by Oscar Klefbom.
17:23 of 2nd period - Derek Roy is hit by Matt Smaby and loses puck.
17:44 of 2nd period - Wrist shot by Jakub Voracek.
17:44 of 2nd period - Stopped by Kari Lehtonen with a rebound.
18:06 of 2nd period - Snap shot by Jonathan Ericsson.
18:06 of 2nd period - Shot Blocked by Marco Scandella.
18:48 of 2nd period - Snap shot by Reilly Smith.
18:48 of 2nd period - Shot Misses the Net.
18:50 of 2nd period - Slapshot by Jared Spurgeon.
18:50 of 2nd period - Shot Blocked by Marcus Kruger.
18:52 of 2nd period - Wrist shot by Erik Haula.
18:52 of 2nd period - Shot Misses the Net.
18:54 of 2nd period - Slapshot by Jared Spurgeon.
18:54 of 2nd period - Shot Misses the Net.
Goals for this period are 1 for Jets vs 3 for Flyers.
Shots for this period are 10 for Jets vs 11 for Flyers.

3rd period


0:01 of 3rd period - Marcus Kruger wins face-off versus Derek Stepan in neutral zone.
0:26 of 3rd period - Tyler Myers is hit by Jonathan Ericsson.
0:46 of 3rd period - Reilly Smith is hit by Oliver Ekman-Larsson and loses puck.
0:55 of 3rd period - Wrist shot by Jordan Nolan.
0:55 of 3rd period - Shot Blocked by Eric Gelinas.
0:57 of 3rd period - Slapshot by Brock Nelson.
0:57 of 3rd period - Shot Blocked by Reilly Smith.
0:59 of 3rd period - Slapshot by Jeff Woywitka.
0:59 of 3rd period - Shot Blocked by Derek Roy.
1:09 of 3rd period - Snap shot by Derek Stepan.
1:09 of 3rd period - Stopped by Steve Mason without a rebound.
1:10 of 3rd period - Derek Stepan wins face-off versus Chris Mcallister in Flyers zone.
1:33 of 3rd period - Snap shot by Chris Mcallister.
1:33 of 3rd period - Stopped by Kari Lehtonen with a rebound.
1:35 of 3rd period - Snap shot by Nathan Beaulieu.
1:35 of 3rd period - Shot Blocked by Oscar Klefbom.
1:37 of 3rd period - Slapshot by Oliver Ekman-Larsson.
1:37 of 3rd period - Shot Blocked by Jaccob Slavin.
1:39 of 3rd period - Snap shot by Nathan Beaulieu.
1:39 of 3rd period - Shot Misses the Net.
1:41 of 3rd period - Wrist shot by Oliver Ekman-Larsson.
1:41 of 3rd period - Stopped by Kari Lehtonen with a rebound.
2:02 of 3rd period - Minor Penalty to Brenden Morrow for Goalie Interference.
2:03 of 3rd period - Derek Roy wins face-off versus Jeff Carter in Jets zone.
2:40 of 3rd period - Icing by Jonathan Ericsson.
2:41 of 3rd period - Marcus Kruger wins face-off versus Noel Acciari in Flyers zone.
3:51 of 3rd period - Wrist shot by J.T. Miller.
3:51 of 3rd period - Shot Blocked by Eric Gelinas.
3:53 of 3rd period - Wrist shot by Jonathan Ericsson.
3:53 of 3rd period - Stopped by Kari Lehtonen without a rebound.
3:54 of 3rd period - Derek Roy wins face-off versus Jeff Carter in Jets zone.
3:54 of 3rd period - Derek Roy is hit by Oliver Ekman-Larsson.
4:02 of 3rd period - Penalty to Brenden Morrow is over, Brenden Morrow is back on ice.
6:02 of 3rd period - Jared Spurgeon is hit by Marcus Kruger and loses puck.
6:43 of 3rd period - Minor Penalty to Oscar Klefbom for Hooking.
6:44 of 3rd period - Jeff Carter wins face-off versus Derek Roy in Jets zone.
7:54 of 3rd period - Slapshot by Jakub Voracek.
7:54 of 3rd period - Shot Misses the Net.
7:56 of 3rd period - Snap shot by Jeff Carter.
7:56 of 3rd period - Stopped by Kari Lehtonen with a rebound.
7:58 of 3rd period - Slapshot by Drew Miller.
7:58 of 3rd period - Stopped by Kari Lehtonen without a rebound.
7:59 of 3rd period - Erik Haula wins face-off versus Jeff Carter in Jets zone.
8:43 of 3rd period - Penalty to Oscar Klefbom is over, Oscar Klefbom is back on ice.
9:00 of 3rd period - Slapshot by Sam Gagner.
9:00 of 3rd period - Stopped by Steve Mason with a rebound.
9:02 of 3rd period - Slapshot by Nino Niederreiter.
9:02 of 3rd period - Shot Misses the Net.
9:19 of 3rd period - Snap shot by Ryan Callahan.
9:19 of 3rd period - Deflect By Chris Mcallister.
9:19 of 3rd period - Stopped by Kari Lehtonen with a rebound.
9:29 of 3rd period - Double Minor Penalty to Oscar Klefbom for Slashing.
9:30 of 3rd period - Jakub Voracek wins face-off versus Derek Roy in Jets zone.
9:31 of 3rd period - Backhand shot by Jeff Carter.
9:31 of 3rd period - Stopped by Kari Lehtonen with a rebound.
9:33 of 3rd period - Wrist shot by Drew Miller.
9:33 of 3rd period - Stopped by Kari Lehtonen with a rebound.
9:35 of 3rd period - Slapshot by Nathan Beaulieu.
9:35 of 3rd period - Deflect By Jakub Voracek.
9:35 of 3rd period - Shot Misses the Net.
9:35 of 3rd period - Puck is out of play.
9:36 of 3rd period - Derek Roy wins face-off versus Jeff Carter in Jets zone.
9:36 of 3rd period - Derek Roy is hit by Jeff Carter.
9:41 of 3rd period - Minor Penalty to Jeff Carter for High sticking.
9:42 of 3rd period - Chris Mcallister wins face-off versus Marcus Johansson in Flyers zone.
9:54 of 3rd period - Snap shot by Chris Mcallister.
9:54 of 3rd period - Deflect By J.T. Miller.
9:54 of 3rd period - Stopped by Kari Lehtonen with a rebound.
11:28 of 3rd period - Jordan Nolan is hit by Evgeny Dadonov and loses puck.
11:29 of 3rd period - Jordan Nolan from Flyers is injured at 11:29 of 3rd period (Right Leg).
11:30 of 3rd period - Chris Mcallister wins face-off versus Derek Stepan in Flyers zone.
11:41 of 3rd period - Penalty to Jeff Carter is over, Jeff Carter is back on ice.
11:58 of 3rd period - Wrist shot by Jonathan Ericsson.
11:58 of 3rd period - Deflect By J.T. Miller.
11:58 of 3rd period - Stopped by Kari Lehtonen without a rebound.
11:59 of 3rd period - Drew Miller wins face-off versus Derek Roy in Jets zone.
13:29 of 3rd period - Penalty to Oscar Klefbom is over, Oscar Klefbom is back on ice.
13:42 of 3rd period - Slapshot by Oscar Klefbom.
13:42 of 3rd period - Stopped by Steve Mason with a rebound.
13:44 of 3rd period - Wrist shot by Marcus Johansson.
13:44 of 3rd period - Shot Blocked by Jonathan Ericsson.
13:46 of 3rd period - Snap shot by Oscar Klefbom.
13:46 of 3rd period - Deflect By Noel Acciari.
13:46 of 3rd period - Shot Blocked by Jonathan Ericsson.
13:46 of 3rd period - Puck is out of play.
13:47 of 3rd period - Sam Gagner wins face-off versus Chris Mcallister in Flyers zone.
13:54 of 3rd period - Slapshot by Sam Gagner.
13:54 of 3rd period - Stopped by Steve Mason without a rebound.
13:55 of 3rd period - Sam Gagner wins face-off versus Jeff Carter in Flyers zone.
14:04 of 3rd period - Snap shot by Sam Gagner.
14:04 of 3rd period - Stopped by Steve Mason with a rebound.
14:09 of 3rd period - Minor Penalty to Oliver Ekman-Larsson for Tripping.
14:10 of 3rd period - Matthew Lombardi wins face-off versus Derek Stepan in Flyers zone.
14:50 of 3rd period - Snap shot by Evgeny Dadonov.
14:50 of 3rd period - Goal by Evgeny Dadonov - Jets : 2 - Flyers : 5.
14:51 of 3rd period - Marcus Kruger wins face-off versus Derek Stepan in neutral zone.
15:00 of 3rd period - Wrist shot by J.T. Miller.
15:00 of 3rd period - Shot Misses the Net.
15:02 of 3rd period - Slapshot by Matt Smaby.
15:02 of 3rd period - Stopped by Kari Lehtonen without a rebound.
15:03 of 3rd period - Derek Stepan wins face-off versus Marcus Kruger in Jets zone.
15:03 of 3rd period - Derek Stepan is hit by Mats Zuccarello.
15:28 of 3rd period - Icing by Jonathan Ericsson.
15:29 of 3rd period - Marcus Kruger wins face-off versus Sam Gagner in Flyers zone.
15:45 of 3rd period - Snap shot by Jakub Voracek.
15:45 of 3rd period - Stopped by Kari Lehtonen without a rebound.
15:46 of 3rd period - Mats Zuccarello wins face-off versus Derek Stepan in Jets zone.
16:40 of 3rd period - Slapshot by Tomas Kubalik.
16:40 of 3rd period - Shot Misses the Net.
16:42 of 3rd period - Wrist shot by Chris Mcallister.
16:42 of 3rd period - Stopped by Kari Lehtonen without a rebound.
16:43 of 3rd period - Marcus Kruger wins face-off versus Derek Stepan in Jets zone.
16:56 of 3rd period - Snap shot by Mats Zuccarello.
16:56 of 3rd period - Stopped by Kari Lehtonen without a rebound.
16:57 of 3rd period - Marcus Kruger wins face-off versus Derek Stepan in Jets zone.
16:58 of 3rd period - Slapshot by J.T. Miller.
16:58 of 3rd period - Stopped by Kari Lehtonen with a rebound.
17:14 of 3rd period - Slapshot by Evgeny Dadonov.
17:14 of 3rd period - Goal by Evgeny Dadonov - Jets : 3 - Flyers : 5.
17:15 of 3rd period - Derek Roy wins face-off versus Jeff Carter in neutral zone.
17:40 of 3rd period - Mats Zuccarello is hit by Evgeny Dadonov and loses puck.
17:53 of 3rd period - Snap shot by Derek Stepan.
17:53 of 3rd period - Stopped by Steve Mason with a rebound.
18:05 of 3rd period - Backhand shot by Chris Mcallister.
18:05 of 3rd period - Shot Blocked by Noel Acciari.
18:07 of 3rd period - Slapshot by Matthew Lombardi.
18:07 of 3rd period - Shot Blocked by Jared Spurgeon.
18:09 of 3rd period - Slapshot by Matt Smaby.
18:09 of 3rd period - Stopped by Kari Lehtonen without a rebound.
18:10 of 3rd period - Derek Roy wins face-off versus Jeff Carter in Jets zone.
18:18 of 3rd period - Icing by Jeff Carter.
18:19 of 3rd period - Tomas Kubalik wins face-off versus Derek Roy in Flyers zone.
18:28 of 3rd period - Reilly Smith is hit by Tomas Kubalik and loses puck.
Goals for this period are 2 for Jets vs 0 for Flyers.
Shots for this period are 8 for Jets vs 16 for Flyers.